 Dungeon Crawl Stone Soup version 0.30.1-10-g1249ef9ec4 (webtiles) character file.

Game seed: 1605402682613995687

56 pkoi the Insei (level 3, -3/31 HPs)
             Began as a Draconian Monk on Oct 26, 2023.
             Slain by a gnoll
             ... wielding a +0 flail
              (9 damage)
             ... on level 2 of the Dungeon.
             The game lasted 00:01:51 (1577 turns).

pkoi the Insei (Draconian Monk)                     Turns: 1577, Time: 00:01:52

Health: -3/31      AC:  7    Str: 13    XL:     3   Next: 71%
Magic:  3/3        EV: 12    Int: 12    God:
Gold:   178        SH:  0    Dex: 13    Spells: 2/2 levels left

rFire   . .          .
                       - Unarmed
rCold   . . .        b - orb {light}
rNeg    . . .        (body armour unavailable)
rPois   .            (helmet restricted)
rElec   .            (no cloak)
rCorr   .            (no gloves)
SInv    .            f - +1 pair of boots
Will    .....        q - amulet of the acrobat
Stlth   +            (no ring)
HPRegen 0.25/turn    (no ring)
MPRegen 0.08/turn

%: acrobat
@: flying, glowing
A: AC +5, unfitting armour, cold-blooded, big wings
a: no special abilities


You were on level 2 of the Dungeon.
You visited 1 branch of the dungeon, and saw 3 of its levels.

You collected 178 gold pieces.

Inventory:

Armour
 b - an orb of light (worn)
 f - a +1 pair of boots (worn)
Jewellery
 m - a ring of fire
 q - an amulet of the acrobat (around neck)
Potions
 a - a potion of ambrosia
 c - a potion of haste
 d - a potion of mutation
 h - a potion of heal wounds


   Skills:
 - Level 3.2 Fighting
 - Level 2.6 Dodging
 + Level 4.7 Unarmed Combat


You had 2 spell levels left.
You didn't know any spells.
Your spell library was empty.

Dungeon Overview and Level Annotations

Branches:
Dungeon (3/15)

Altars:
Okawaru
Trog

Shops:
D:3 :


Innate Abilities, Weirdness & Mutations

Your plain brown scales are hard. (AC +5)
You cannot fit into any form of body armour.
You are cold-blooded and may be slowed by cold attacks.
Your large and strong wings let you fly.


Message History

You hit the gnoll but do no damage. You hit the gnoll but do no damage.
The gnoll hits you with a +0 flail. The gnoll hits you but does no damage.
The gnoll barely misses you.
You hit the gnoll. You tail-slap the gnoll.
The gnoll is severely wounded.
The gnoll hits you with a +0 flail. The gnoll hits you but does no damage.
The gnoll closely misses you.
The orc rages.
You are too injured to fight recklessly!
You are too injured to fight recklessly!
You are too injured to fight recklessly!
You are too injured to fight recklessly!
You are too injured to fight recklessly!
You are too injured to fight recklessly!
You are too injured to fight recklessly!
You are too injured to fight recklessly!
You are too injured to fight recklessly!
You are too injured to fight recklessly!
You are too injured to fight recklessly!
Unknown command.
The gnoll attacks as you move away! The gnoll hits you with a +0 flail.
There is an escape hatch in the ceiling here.
The orc rages.
A mysterious force pulls you upwards. The hatch slams shut behind you.
Unknown command.
You hit the gnoll.
The gnoll is moderately wounded.
The gnoll hits you with a +0 flail.
* * * LOW HITPOINT WARNING * * *
You barely miss the gnoll.
The gnoll is moderately wounded.
The gnoll hits you with a +0 flail.
* * * LOW HITPOINT WARNING * * *
You hit the gnoll.
The gnoll is heavily wounded.
The gnoll hits you but does no damage.
You hit the gnoll.
The gnoll is severely wounded.
The gnoll hits you with a +0 flail!
You die...

.###.# #.......###..............
.....####..##.......#####.###...#
.##.............###.# #.......#
.##.#####..#........# #####...#
..#.# ###.>.....##..#### #...#
#.#.# #........#.......# #...#
#.#.# #........#.#..##.######...#
....# #.......##.#...#...........
#.### #.......##@#...............
#)# #.......##g###.#...........
#.# #.......##.......####.#...#
#.### #.<.....###.......# #.#...#
#...# ##########........# #.#...#
###.# #..##.#..###.#)..# #.####
#..#..#..##..)...# ##....######
#..#.##..##.†..... ##...#......#
#........##.######


You could see a gnoll.

Vanquished Creatures
  2 adders (D:2)
  A worm (D:2)
  A dart slug (D:3)
  2 endoplasms (D:1)
  3 giant cockroaches
  6 goblins
  A hobgoblin (D:2)
  4 kobolds
  A quokka (D:2)
  4 ball pythons
  4 bats (D:1)
  4 frilled lizards
33 creatures vanquished.

Notes
Turn   | Place    | Note
-------+----------+-------------------------------------------
     0 | D:1      | pkoi the Draconian Monk began the quest for the Orb.
     0 | D:1      | Reached XP level 1. HP: 19/19 MP: 1/1
   271 | D:1      | Reached XP level 2. HP: 26/26 MP: 2/2
   678 | D:2      | Reached skill level 4 in Unarmed Combat
   706 | D:2      | Reached XP level 3. HP: 31/31 MP: 3/3
  1016 | D:2      | Identified the +0 scale mail of Yrueb {rElec}
  1383 | D:3      | Gained mutation: Your large and strong wings let you fly.
                  | [potion of mutation]
  1515 | D:3      | Found Amnurayn's Book Shoppe.
  1564 | D:3      | Found an iron altar of Okawaru.
  1564 | D:3      | Found a bloodstained altar of Trog.
  1577 | D:2      | Slain by a gnoll

Illustrated notes

Levels and vault maps discovered:
D:1:      evilmike_arrival_plus, layout_rooms, minivault_25,
          roderic_st_hans_cross, wander_ebering_terrifying_dragon_lair
D:2:      layout_loops_cross, minmay_worlds_worst_comb
D:3:      minmay_chambers_of_twos, layout_basic,
          grunt_temple_overflow_bloody_war, serial_shops, nicolae_shop_peninsula

Skill      XL: |  1  2 |
---------------+-------+-----
Unarmed Combat | 4 |  4.7
Fighting       | |  3.2
Dodging        | |  2.6

Action                     || total
---------------------------++-------
  Melee: Unarmed           ||    99
         Tailslap          ||    13
    Use: Scroll            ||     8
         Potion            ||     4
 Armour: Skin              ||    29
  Dodge: Dodged            ||    49
